 Dungeon Crawl Stone Soup version 0.27.0-1-g7a089689b8 (webtiles) character file.

Game seed: 7774408688245990036

2935 theswoord the Cruncher (level 9, -12/61 HPs)
             Began as a Demonspawn Gladiator on Aug 7, 2021.
             Was a Follower of Wu Jian.
             Mangled by Hyawatha's ghost (21 damage)
             ... on level 7 of the Dungeon.
             The game lasted 00:12:07 (6256 turns).

theswoord the Cruncher (Demonspawn Gladiator)       Turns: 6256, Time: 00:12:07

Health: -12/61     AC: 11    Str: 17    XL:     9   Next: 51%
Magic:  9/9        EV:  5    Int:  9    God:    Wu Jian [*.....]
Gold:   269        SH:  0    Dex: 18    Spells: 8/8 levels left

rFire    . . .     SeeInvis .   l - +4 quarterstaff (chaos)
rCold    . . .     Faith    .   (shield currently unavailable)
rNeg     . . .     Spirit   .   f - +0 plate armour
rPois    .         Reflect  .   c - +0 helmet
rElec    .         Harm     +   n - scarf {harm}
rCorr    .         Rampage  .   (no gloves)
Will     .....                  (boots unavailable)
Stlth    ..........             q - amulet of regeneration
HPRegen  1.20/turn              (no ring)
MPRegen  0.11/turn              (no ring)

@: studying Axes
A: hooves 3, thin skeletal structure 1, spiny 1
a: Renounce Religion


You were on level 7 of the Dungeon.
You worshipped Wu Jian.
Wu Jian was aware of your devotion.
You visited 2 branches of the dungeon, and saw 8 of its levels.

You collected 374 gold pieces.
You spent 105 gold pieces at shops.

Inventory:

Hand Weapons
 a - a +0 quarterstaff
 g - a +2 battleaxe of electrocution
 l - a +4 quarterstaff of chaos (weapon)
Missiles
 d - 5 throwing nets (quivered)
Armour
 b - a +0 leather armour
 c - a +0 helmet (worn)
 f - a +0 plate armour (worn)
 k - a +1 cloak
 m - a +0 pair of boots
 n - a scarf of harm (worn)
Jewellery
 q - an amulet of regeneration (around neck)
 r - an amulet of regeneration
 v - an amulet of magic regeneration
Wands
 u - a wand of iceblast (10)
 x - a wand of paralysis (8)
 y - a wand of digging (3)
Scrolls
 e - 2 scrolls of teleportation
 j - 2 scrolls of immolation
 p - a scroll of enchant weapon
 t - a scroll of vulnerability


   Skills:
 - Level 2.0 Fighting
 + Level 12.1 Staves
 - Level 1.7 Throwing
 - Level 2.6 Dodging


You had 8 spell levels left.
You didn't know any spells.
Your spell library was empty.

Dungeon Overview and Level Annotations

Branches:
Dungeon (7/15)             Temple (1/1) D:6

Altars:
Ashenzari
Cheibriados
Dithmenos
Elyvilon
Fedhas
Gozag
Hepliaklqana
Kikubaaqudgha
Makhleb
Nemelex Xobeh
Okawaru
Qazlal
Ru
Trog
Uskayaw
Wu Jian
Xom
Zin
The Shining One

Shops:
D:5 ?

Annotations:
D:5 3 runed translucent doors, Suckerboh's ghost, novice DECj
D:7 Hyawatha's ghost, novice TrAK


Innate Abilities, Weirdness & Mutations

You have hooves in place of feet.
You have a somewhat thin skeletal structure. (Dex +2, Stealth+)
You are partially covered in sharp spines.


Message History

You hit Hyawatha's ghost.
Hyawatha's ghost seems to grow stronger.
Your kick misses Hyawatha's ghost.
Hyawatha's ghost is moderately damaged.
Hyawatha's ghost hits you!
You hit Hyawatha's ghost.
Hyawatha's ghost suddenly seems more agile.
You kick Hyawatha's ghost.
Hyawatha's ghost is moderately damaged.
Hyawatha's ghost is struck by your spines.
Hyawatha's ghost hits you!!
* * * LOW HITPOINT WARNING * * *
You barely miss Hyawatha's ghost. You kick Hyawatha's ghost!
Hyawatha's ghost is heavily damaged.
You closely miss Hyawatha's ghost. You kick Hyawatha's ghost.
Hyawatha's ghost is heavily damaged.
Hyawatha's ghost hits you.
* * * LOW HITPOINT WARNING * * *
You aren't carrying any potions.
You thump Hyawatha's ghost! You burn Hyawatha's ghost.
Hyawatha's ghost is severely damaged.
Hyawatha's ghost hits you.
* * * LOW HITPOINT WARNING * * *
You hit Hyawatha's ghost. You burn Hyawatha's ghost.
Hyawatha's ghost is severely damaged.
Hyawatha's ghost completely misses you.
You hit Hyawatha's ghost. Your kick misses Hyawatha's ghost.
Hyawatha's ghost is severely damaged.
You hit Hyawatha's ghost but do no damage.
Hyawatha's ghost resists with almost no effort.
Your kick misses Hyawatha's ghost.
Hyawatha's ghost is severely damaged.
Hyawatha's ghost is struck by your spines.
Hyawatha's ghost hits you!
* * * LOW HITPOINT WARNING * * *
You hit Hyawatha's ghost.
Hyawatha's ghost seems to speed up.
Your kick misses Hyawatha's ghost.
Hyawatha's ghost is almost destroyed.
Hyawatha's ghost hits you!!
You die...

#.......# #.......#
#.......# #.......#
#.......# ####
#.......# ...#
##.......## ...#
#.........##
...#####.#######@.#
..........# ##W#
....<.....# ###K#
......)...#####...#
.........##.⌠.##..#
........##.#.#.#..#
...##.###?..#K.'..#
...##.###$...).'..#
##......#...#..))##


You could see a kobold brigand and Hyawatha's ghost (fast, strong, agile).

Vanquished Creatures
  Joseph (D:7)
  Grinder (D:3)
  3 yaks (D:5)
  3 black bears
  A necrophage (D:6)
  An ogre (D:3)
  3 kobold brigands (D:7)
  A gnoll sergeant (D:6)
  2 bullfrogs
  2 scorpions
  A howler monkey (D:7)
  9 wights (D:7)
  Crazy Yiuf (D:2)
  3 orc priests (D:7)
  2 hounds
  3 iguanas
  A jelly (D:5)
  2 orc wizards
  A howler monkey zombie (D:6)
  7 gnolls
  A howler monkey skeleton (D:4)
  5 adders
  2 shadow imps (D:6)
  A white imp (D:5)
  An ufetubus (D:6)
  2 worms
  2 dart slugs
  16 orcs
  5 bats
  3 endoplasms
  4 giant cockroaches
  4 goblins
  7 hobgoblins
  4 jackals
  9 kobolds
  2 quokkas (D:1)
  7 ball pythons
  2 frilled lizards
  7 rats
132 creatures vanquished.

Vanquished Creatures (others)
  4 kobold brigands (D:7)
4 creatures vanquished.

Grand Total: 136 creatures vanquished

Notes
Turn   | Place    | Note
-------+----------+-------------------------------------------
     0 | D:1      | theswoord the Demonspawn Gladiator began the quest for the
                  | Orb.
     0 | D:1      | Reached XP level 1. HP: 16/16 MP: 1/1
   156 | D:1      | Reached skill level 3 in Staves
   340 | D:1      | Gained mutation: You have large cloven feet. [demonic
                  | ancestry]
   340 | D:1      | Reached XP level 2. HP: 18/22 MP: 2/2
  1174 | D:2      | Gained mutation: You are partially covered in sharp spines.
                  | [demonic ancestry]
  1174 | D:2      | Reached XP level 3. HP: 17/27 MP: 3/3
  1366 | D:2      | Found a runed translucent door.
  1367 | D:2      | Noticed Crazy Yiuf
  1379 | D:2      | Killed Crazy Yiuf
  1380 | D:2      | Reached skill level 4 in Staves
  1641 | D:2      | Reached XP level 4. HP: 28/33 MP: 4/4
  2285 | D:3      | Found a faded altar of an unknown god.
  2287 | D:3      | Noticed Grinder
  2339 | D:3      | Reached skill level 5 in Staves
  2543 | D:3      | Gained mutation: You have a somewhat thin skeletal
                  | structure. (Dex +2, Stealth+) [demonic ancestry]
  2543 | D:3      | Reached XP level 5. HP: 36/38 MP: 5/5
  2704 | D:3      | Paralysed by Grinder for 6 turns
  2715 | D:3      | Killed Grinder
  2716 | D:3      | Reached skill level 6 in Staves
  2716 | D:3      | Gained mutation: You have hoof-like feet. [demonic
                  | ancestry]
  2716 | D:3      | Reached XP level 6. HP: 13/44 MP: 6/6
  3247 | D:4      | Identified a scroll of acquirement
  3247 | D:4      | Acquired a manual of Axes
  3367 | D:3      | Reached skill level 7 in Staves
  3422 | D:3      | Gained mutation: You have hooves in place of feet. [demonic
                  | ancestry]
  3422 | D:3      | Reached XP level 7. HP: 29/50 MP: 7/7
  3783 | D:5      | Entered Level 5 of the Dungeon
  3783 | D:5      | Found a runed translucent gate.
  3783 | D:5      | Found a runed translucent gate.
  3783 | D:5      | Found a runed translucent gate.
  3814 | D:5      | Noticed Suckerboh's ghost (novice DECj)
  4002 | D:5      | Found a broken altar of Ashenzari.
  4024 | D:5      | Found Qefyn's Magic Scroll Shop.
  4030 | D:5      | Bought a scroll of blinking for 105 gold pieces
  4160 | D:5      | Found an opulent altar of Gozag.
  4184 | D:5      | Noticed a yak
  4184 | D:5      | Noticed a yak
  4207 | D:5      | Reached skill level 8 in Staves
  4209 | D:5      | Noticed a yak
  4213 | D:5      | Killed a yak
  4225 | D:5      | Killed a yak
  4226 | D:5      | Reached skill level 9 in Staves
  4226 | D:5      | Reached XP level 8. HP: 26/56 MP: 8/8
  4932 | D:6      | Reached skill level 10 in Staves
  5085 | D:6      | Found a staircase to the Ecumenical Temple.
  5102 | Temple   | Entered the Ecumenical Temple
  5213 | Temple   | Became a worshipper of the Wu Jian Council
  5579 | D:7      | Noticed Joseph
  5589 | D:7      | Killed Joseph
  5590 | D:7      | Reached skill level 11 in Staves
  5590 | D:7      | Reached XP level 9. HP: 31/61 MP: 9/9
  5807 | D:7      | Found a runed translucent gate.
  5807 | D:7      | Found a runed translucent gate.
  5808 | D:7      | Found a runed translucent gate.
  5808 | D:7      | Noticed Hyawatha's ghost (novice TrAK)
  5898 | D:7      | Paralysed by a kobold brigand for 4 turns
  6081 | D:7      | Reached skill level 12 in Staves
  6130 | D:7      | Reached * piety under Wu Jian
  6256 | D:7      | Mangled by Hyawatha's ghost

Skill      XL: |  1  2  3  4  5  6  7  8  9 |
---------------+----------------------------+-----
Staves         | 3 4 5 6 7 9 11 12 | 12.1
Fighting       | |  2.0
Throwing       | |  1.7
Dodging        | |  2.6

Action                   |  1- 3 |  4- 6 |  7- 9 || total
-------------------------+-------+-------+-------++-------
Melee: Quarterstaff      |    93 |    73 |   171 ||   337
       Kick              |    19 |       |    60 ||    79
Invok: Lunge             |       |       |     5 ||     5
  Use: Potion            |     1 |     1 |     5 ||     7
       Scroll            |       |     7 |     8 ||    15
 Stab: Invisible         |       |       |     2 ||     2
       Paralysed         |       |       |     1 ||     1
Armor: Plate armour      |    76 |    48 |    90 ||   214
Dodge: Dodged            |    22 |    20 |    42 ||    84

Levels and vault maps discovered:
D:1:      tarquinn_simple_flora_water_a, layout_loops_ring,
          minmay_misc_feat_enclosed, patterned_corridor
D:2:      layout_rooms, uniq_crazy_yiuf_cottage
D:3:      layout_loops_corners, ebering_ecumenical_altar_mist, uniq_grinder
D:4:      layout_rooms
D:5:      layout_basic, grunt_gozag_statues, gammafunk_temple_overflow_claw,
          gammafunk_ghost_icy, serial_shops, nicolae_shop_trees
D:6:      layout_basic, minmay_temple_entry_slanted, grunt_decor_one_mirror,
          skrybe_limestone_x, hangedman_decor_opposing, grunt_ministairs_12
D:7:      layout_rooms, gammafunk_ghost_nasty_kobolds, uniq_joseph
Temple:   eino_temple_scatter_basement
